[Event "44th Chess Olympiad Women 2022"]
[Site "Chennai"]
[Date "2022.08.09"]
[Round "11.32"]
[White "Fredericia, Louise"]
[Black "Mudodo, Refiloe Hazel"]
[Result "1/2-1/2"]
[ECO "A03"]
[WhiteElo "1990"]
[BlackElo "1604"]
[Annotator "TA"]
[PlyCount "95"]
[EventDate "2022.07.29"]
[EventType "team-tourn"]
[EventCountry "IND"]
[SourceTitle "playchess.com"]
[Source "ChessBase"]
[SourceQuality "1"]
[WhiteTeam "Denmark"]
[BlackTeam "Zimbabwe"]
[WhiteTeamCountry "DEN"]
[BlackTeamCountry "ZIM"]
[TimeControl "40/5400+30:1800+30"]

1. f4 e6 2. Nf3 d5 3. e3 Bd6 4. b3 Nf6 5. Bb2 O-O 6. Be2 b6 {[%emt 0:01:55] A03: Bird's Opening with 1...d5.} 7. O-O {[%emt 0:05:37] [#]} Ba6 $146 ({Predecessor:} 7... c5 8. Qe1 Nbd7 9. Na3 Bb7 10. Ne5 Ne8 11. d4 f6 12. Nd3 f5 13. c4 Nef6 14. Nb5 {½-½ (33) Roessel,L (1831)-Malinovsky,P (2027) Hradec Kralove 2017}) 8. Ne5 Bxe2 9. Qxe2 Bxe5 10. fxe5 Nfd7 11. Qg4 Nc6 12. d4 Re8 13. Nd2 f6 14. c4 fxe5 15. cxd5 exd5 16. Rac1 $1 {[%emt 0:06:12] White is more active.} (16. dxe5 Ndxe5 17. Qg3 Qd7 $15) 16... Nb4 (16... Nf6 $16 17. Qg5 Re6) 17. dxe5 $18 Nd3 {[%emt 0:00:28] [#]} 18. e6 $2 {[%emt 0:00:20] The board is on fire.} (18. Rf7 $1 $18 Kxf7 19. e6+ Ke7 20. Rc6 $1 (20. exd7 $2 Qxd7 21. Qg5+ Kf8 $19) (20. Qxg7+ Kd6 $11)) 18... N7e5 $15 {[%emt 0:06:10] Pair of Knights!} 19. Qg3 (19. Bxe5 $15 Nxe5 20. Qf5) 19... Nxb2 $19 ({Don't take} 19... Ng6 20. Rxc7 $1 Re7 21. Rxe7 Qxe7 22. Rf7 Qxe6 23. Rxg7+ Kf8 24. Qf3+ Ke8 25. e4 $1 $18) 20. Qxe5 Nd3 $1 21. Qg3 (21. Qxc7 Nxc1 22. Qf7+ Kh8 23. Rxc1) 21... Nxc1 22. Rxc1 Qd6 23. Rxc7 Qxg3 24. hxg3 Rxe6 {[%emt 0:00:15][%mdl 4096] Endgame KRR-KRN} 25. Kf2 Rf8+ 26. Nf3 a5 27. Rd7 Rfe8 28. Nd4 Rxe3 29. Nf5 (29. g4 $142) 29... Re2+ 30. Kf3 Rxa2 ({And not} 30... g6 31. Nh6+ Kh8 32. Nf7+ Kg7 33. Ne5+ Kf6 34. Kxe2 $17) 31. Rxg7+ Kh8 32. Rb7 Rf8 33. g4 d4 34. Rxb6 Rd8 35. Nd6 {[%emt 0:02:11] Nf7+ is the strong threat.} Rd7 {[%emt 0:00:12] Inhibits Nf7+. Hoping for ...d3.} 36. Ke4 Rxg2 37. Kxd4 Rxg4+ 38. Ke5 Rg5+ 39. Nf5 (39. Ke6 Rxd6+ $1 40. Rxd6 Rg6+ 41. Ke7 Rxd6 42. Kxd6 Kg7 43. Ke5 Kg6 44. Kf4 h5 45. Kf3 Kg5 46. Kf2 Kg4 47. Kf1 h4 48. Kg2 h3+ 49. Kf2 Kf4 50. Kf1 Kf3 51. Kg1 Kg3 52. Kf1 h2 53. Ke2 h1=Q 54. Kd3 Qd5+ 55. Kc3 Kf3 56. b4 a4 57. b5 Qxb5 58. Kd4 a3 59. Kc3 Ke3 60. Kc2 Qb2+ 61. Kd1 Qd2#) 39... Kg8 {[%emt 0:03:03] And now ...Rf7 would win.} 40. Rb8+ Kf7 {[%emt 0:00:56] Strongly threatening ...Kg6.} 41. Ra8 (41. Rb6 $142) 41... Kg6 42. Ra6+ {[%emt 0:01:16] [#]} Kh5 $1 43. Kf4 (43. Rh6+ $142 Kg4 44. Rh4+ Kf3 45. Rf4+ Ke2 46. Kf6) 43... Rxf5+ $2 44. Kxf5 $17 Rd5+ 45. Kf4 {[%emt 0:00:34] [#]} Rb5 ({Better is} 45... Rg5 $1 $17) 46. Ra7 $11 {[%emt 0:00:58] The position is equal.} h6 {[%emt 0:01:31] White must now prevent ...Kh4.} 47. Ra6 Rb4+ 48. Kf5 {[%emt 0:03:20] Weighted Error Value: White=0.49/Black=0.43} 1/2-1/2

[Event "44th Chess Olympiad Women 2022"]
[Site "Chennai"]
[Date "2022.08.09"]
[Round "11.32"]
[White "Charinda, Kudzanayi"]
[Black "Nilssen, Ellen Fredericia"]
[Result "1/2-1/2"]
[ECO "B90"]
[WhiteElo "1719"]
[BlackElo "2142"]
[Annotator "NA RC"]
[PlyCount "120"]
[EventDate "2022.07.29"]
[EventType "team-tourn"]
[EventCountry "IND"]
[SourceTitle "playchess.com"]
[Source "ChessBase"]
[SourceQuality "1"]
[WhiteTeam "Zimbabwe"]
[BlackTeam "Denmark"]
[WhiteTeamCountry "ZIM"]
[BlackTeamCountry "DEN"]
[TimeControl "40/5400+30:1800+30"]

1. e4 c5 2. Nf3 d6 3. d4 cxd4 4. Nxd4 Nf6 5. Nc3 a6 6. Be3 e5 7. Nb3 Be7 8. f3 Be6 9. Qd2 h5 10. O-O-O Nbd7 11. Kb1 Rc8 12. Be2 b5 13. Nd5 Nxd5 14. exd5 Bf5 15. Bd3 Bxd3 16. Qxd3 Bg5 17. Bf2 Qc7 18. h4 Bh6 19. Rhe1 a5 20. Nd4 Qb8 21. Qxb5 Qa7 22. Qe2 Qb7 23. Nb5 Ke7 24. Na7 Ra8 25. Nc6+ Kf8 26. g3 g6 27. f4 Bg7 28. fxe5 Nxe5 29. Nxe5 Bxe5 30. Bd4 Bxd4 31. Rxd4 Rb8 32. c4 Kg7 33. Re4 Rhc8 34. Re7 Rc7 35. Rxc7 Qxc7 36. g4 hxg4 37. Qxg4 Qb6 38. Qe2 Qd4 39. h5 gxh5 40. Qg2+ Kf8 41. Qh2 Rb6 42. Qe2 Rb7 43. Qc2 a4 44. Qc1 Re7 45. Rd1 Qe4+ 46. Ka1 Qe2 47. c5 a3 48. Qh6+ Ke8 49. Qh8+ Kd7 50. c6+ Kc7 51. Rb1 axb2+ 52. Rxb2 Qe1+ 53. Rb1 Qe5+ 54. Qxe5 Rxe5 55. Rb7+ Kc8 56. Rxf7 Rxd5 57. Rh7 Rb5 58. a3 Rc5 59. Kb2 Rxc6 60. Rxh5 Rc5 1/2-1/2

[Event "44th Chess Olympiad Women 2022"]
[Site "Chennai"]
[Date "2022.08.09"]
[Round "11.32"]
[White "Makwena, Christine"]
[Black "Steffensen, Elena"]
[Result "0-1"]
[ECO "E81"]
[WhiteElo "1609"]
[BlackElo "2044"]
[Annotator "NA RC"]
[PlyCount "126"]
[EventDate "2022.07.29"]
[EventType "team-tourn"]
[EventCountry "IND"]
[SourceTitle "playchess.com"]
[Source "ChessBase"]
[SourceQuality "1"]
[WhiteTeam "Zimbabwe"]
[BlackTeam "Denmark"]
[WhiteTeamCountry "ZIM"]
[BlackTeamCountry "DEN"]
[TimeControl "40/5400+30:1800+30"]

1. d4 g6 2. c4 Bg7 3. Nc3 d6 4. e4 Nf6 5. Bd3 e5 6. d5 O-O 7. Nge2 a5 8. f3 Na6 9. Be3 Bd7 10. Qd2 Nc5 11. Bxc5 dxc5 12. Qe3 Qe7 13. O-O a4 14. a3 Ne8 15. Kh1 b6 16. Bc2 Nd6 17. Bd3 f5 18. Qd2 f4 19. Qc2 Qh4 20. Ng1 g5 21. Qf2 Qh5 22. Be2 Rf6 23. Rfb1 Raf8 24. b4 axb3 25. Rxb3 Rh6 26. h3 Qg6 27. a4 g4 28. fxg4 Bxg4 29. Bxg4 Qxg4 30. Qf3 Qxf3 31. Nxf3 Nxc4 32. Nb5 c6 33. Nc3 cxd5 34. Nxd5 Nd6 35. Nc3 Nc8 36. Nd5 Rd8 37. a5 bxa5 38. Rxa5 Nd6 39. Rxc5 Nxe4 40. Rcb5 Rhd6 41. Ne7+ Kf8 42. Nf5 Rd1+ 43. Kh2 Nf2 44. Ng1 e4 45. Nxg7 Kxg7 46. Rb7+ R8d7 47. Rxd7+ Rxd7 48. Ne2 Nd3 49. Ra3 Rd6 50. Ra4 f3 51. gxf3 exf3 52. Ng3 Rd5 53. Rd4 Rxd4 54. Nf5+ Kf6 55. Nxd4 f2 56. Kg2 Ke5 57. Nf3+ Kf4 58. Nh2 Ke3 59. Kf1 h5 60. Kg2 Ne1+ 61. Kg3 Ke2 62. h4 Nf3 63. Kg2 Nxh2 0-1

[Event "44th Chess Olympiad Women 2022"]
[Site "Chennai"]
[Date "2022.08.09"]
[Round "11.33"]
[White "Stanford, Sheila Barth"]
[Black "Ranasinghe, S D"]
[Result "1-0"]
[ECO "B28"]
[WhiteElo "2097"]
[BlackElo "1687"]
[Annotator "NA RC"]
[PlyCount "53"]
[EventDate "2022.07.29"]
[EventType "team-tourn"]
[EventCountry "IND"]
[SourceTitle "playchess.com"]
[Source "ChessBase"]
[SourceQuality "1"]
[WhiteTeam "Norway"]
[BlackTeam "Sri Lanka"]
[WhiteTeamCountry "NOR"]
[BlackTeamCountry "SRI"]
[TimeControl "40/5400+30:1800+30"]

1. e4 c5 2. Nf3 a6 3. d4 cxd4 4. Nxd4 Nf6 5. Nc3 e5 6. Nb3 Bb4 7. Bg5 Bxc3+ 8. bxc3 Qc7 9. Qd3 Qc6 10. Nd2 h6 11. Bxf6 Qxf6 12. Nc4 O-O 13. Nd6 Nc6 14. Be2 Qe6 15. h3 Ne7 16. Bg4 f5 17. Bxf5 Nxf5 18. exf5 Qe7 19. O-O Kh8 20. Rfe1 b5 21. Qd5 Rb8 22. Rxe5 Qf6 23. Rae1 Kh7 24. R1e3 Rb6 25. Nxc8 Rxc8 26. Re8 Re6 27. Rxc8 1-0

[Event "44th Chess Olympiad Women 2022"]
[Site "Chennai"]
[Date "2022.08.09"]
[Round "11.33"]
[White "Rodsmoen, Maud"]
[Black "Abeysinghe, H M H Janandani"]
[Result "0-1"]
[ECO "B75"]
[WhiteElo "1975"]
[BlackElo "1516"]
[Annotator "TA"]
[PlyCount "84"]
[EventDate "2022.07.29"]
[EventType "team-tourn"]
[EventCountry "IND"]
[SourceTitle "playchess.com"]
[Source "ChessBase"]
[SourceQuality "1"]
[WhiteTeam "Norway"]
[BlackTeam "Sri Lanka"]
[WhiteTeamCountry "NOR"]
[BlackTeamCountry "SRI"]
[TimeControl "40/5400+30:1800+30"]

1. e4 c5 2. Nf3 d6 3. d4 cxd4 4. Nxd4 Nf6 5. Nc3 g6 6. Be3 Bg7 7. f3 a6 8. Qd2 h5 {[%emt 0:00:42] 8...b5 is a critical line. B75: Sicilian Dragon: Yugoslav Attack, Miscellaneous.} 9. h3 Nbd7 {[%emt 0:01:42] [#]} 10. Rg1 $146 ({Predecessor:} 10. Be2 Qc7 11. a4 O-O 12. g4 Nc5 13. g5 Ne8 14. a5 e6 15. b4 Nd7 16. Na4 {1-0 (49) Van Bommel,T (2065)-Bellanger,M (2058) LSS email 2014}) 10... b5 {[%emt 0:03:08] White is slightly better.} 11. a4 b4 12. Na2 a5 13. Bb5 Bb7 14. c3 (14. O-O-O $1 $14) 14... bxc3 15. Nxc3 O-O 16. Nc6 (16. O-O-O $1 $14) 16... Bxc6 $11 17. Bxc6 Rc8 18. Bb5 Nc5 {[%emt 0:03:41] And now ...Nb3 would win.} 19. Rd1 Qc7 (19... Nfd7 $11) 20. Kf2 (20. g4 $14 {is superior.}) 20... Rfd8 21. Qe2 Ncd7 ({Better is} 21... e6 $11) 22. Rc1 Nc5 23. Rcd1 (23. Rgd1 $5 ) 23... Ncd7 24. Nd5 (24. Rgf1 $14) 24... Nxd5 25. exd5 Qc2 26. Rd2 Qb3 27. Bd4 $2 (27. Rb1 $11) 27... Bxd4+ $19 28. Rxd4 Rc2 29. Rd2 Rxd2 {[%emt 0:02:56] Black is more active.} 30. Qxd2 {[%emt 0:00:04] [#]} Rc8 $1 {[%emt 0:01:58] White must now prevent ...Rc2.} 31. Rc1 {[%emt 0:03:54] Against Rc2} ({Avoid the trap} 31. Bxd7 $2 Rc2 32. Rd1 Qxb2 $19) 31... Rxc1 32. Qxc1 {[%emt 0:00:03][%mdl 4096] Endgame KQB-KQN} Nc5 (32... Nb6 $17 33. Bc6 Nxa4 34. Bxa4 Qxa4) 33. Qd2 $2 (33. Qc3 $1 $11) 33... Nxa4 34. Qxa5 (34. Bxa4 {is the only way for White.} Qxa4 35. Qd3) 34... Qxb2+ 35. Kg3 Nc3 36. Bd3 Qd2 37. Qd8+ $2 (37. Qa6) 37... Kg7 38. Be4 Nxe4+ (38... Ne2+ $142 39. Kf2 Nf4+ 40. Kg3 g5 41. Qg8+ Kxg8 42. Bh7+ Kxh7 43. h4 Qxg2#) 39. fxe4 {[%emt 0:00:07] Black is clearly winning.} Qe3+ 40. Kh2 Qxe4 41. Qa5 (41. Kh1 $142 g5 42. Qa5) 41... Qe5+ 42. Kg1 e6 {[%emt 0:00:26] Weighted Error Value: White=0.85/Black=0.35} 0-1

[Event "44th Chess Olympiad Women 2022"]
[Site "Chennai"]
[Date "2022.08.09"]
[Round "11.33"]
[White "Gamage, Desandhi Dhihansa"]
[Black "Ayzenberg, Alena"]
[Result "1/2-1/2"]
[ECO "C07"]
[WhiteElo "1561"]
[BlackElo "2023"]
[Annotator "NA RC"]
[PlyCount "192"]
[EventDate "2022.07.29"]
[EventType "team-tourn"]
[EventCountry "IND"]
[SourceTitle "playchess.com"]
[Source "ChessBase"]
[SourceQuality "1"]
[WhiteTeam "Sri Lanka"]
[BlackTeam "Norway"]
[WhiteTeamCountry "SRI"]
[BlackTeamCountry "NOR"]
[TimeControl "40/5400+30:1800+30"]

1. e4 e6 2. d4 d5 3. Nd2 c5 4. exd5 Qxd5 5. dxc5 Bxc5 6. Ngf3 Nf6 7. Bc4 Qd6 8. O-O Qc7 9. c3 O-O 10. Qc2 Nbd7 11. b4 Bd6 12. a4 b6 13. Bd3 Bb7 14. Bb2 Rac8 15. Rac1 Qb8 16. Qb1 Bf4 17. Rcd1 Qa8 18. Be2 Ne5 19. c4 Bxf3 20. Nxf3 Nxf3+ 21. Bxf3 Qb8 22. g3 Be5 23. Bxe5 Qxe5 24. Qb3 Qc7 25. Rc1 Nd7 26. Rc2 a5 27. Rb1 Rb8 28. bxa5 bxa5 29. Qa2 Ne5 30. Be2 Nc6 31. Rd2 Nb4 32. Qa1 Rfd8 33. Rbd1 Rxd2 34. Rxd2 Na6 35. Qd1 Nc5 36. Ra2 g6 37. Qc2 Rb4 38. Qc3 Rb1+ 39. Kg2 Rb3 40. Qf6 Ne4 41. Qd4 Nc5 42. Rd2 Qc6+ 43. f3 Rb8 44. Qe5 Rc8 45. Bd1 Qb6 46. Qf6 Qc7 47. Qg5 Kg7 48. Qe3 Rb8 49. Qc3+ f6 50. Qe3 Rb4 51. Rd4 e5 52. Rd5 Rxc4 53. Qd2 Qc6 54. Rd6 Qc7 55. Rd5 h5 56. Be2 Rd4 57. Rxd4 exd4 58. Qxd4 Ne6 59. Qe3 Qe5 60. Qd2 Nd4 61. Kf2 h4 62. Qe3 hxg3+ 63. hxg3 Qc5 64. Kg2 g5 65. Bd3 Qe5 66. Qxe5 fxe5 67. Kf2 Kf6 68. Ke3 Nb3 69. f4 gxf4+ 70. gxf4 Nc5 71. fxe5+ Kxe5 72. Bb5 Kd5 73. Kd2 Kd4 74. Kc2 Ne4 75. Kb2 Kc5 76. Kb3 Nd6 77. Ka3 Nf5 78. Kb3 Kd4 79. Kb2 Nd6 80. Kb3 Ne4 81. Kb2 Nc3 82. Kb3 Nd5 83. Kb2 Kc5 84. Kb3 Nc7 85. Bf1 Ne6 86. Bb5 Nd4+ 87. Kc3 Nxb5+ 88. axb5 Kxb5 89. Kb3 a4+ 90. Ka3 Ka5 91. Ka2 Kb4 92. Kb2 a3+ 93. Ka2 Ka4 94. Ka1 Kb3 95. Kb1 a2+ 96. Ka1 Ka3 1/2-1/2

[Event "44th Chess Olympiad Women 2022"]
[Site "Chennai"]
[Date "2022.08.09"]
[Round "11.33"]
[White "Wickramasinghe, Minethma Lasandi"]
[Black "Machlik, Edit"]
[Result "0-1"]
[ECO "B12"]
[WhiteElo "1541"]
[BlackElo "2084"]
[Annotator "NA RC"]
[PlyCount "76"]
[EventDate "2022.07.29"]
[EventType "team-tourn"]
[EventCountry "IND"]
[SourceTitle "playchess.com"]
[Source "ChessBase"]
[SourceQuality "1"]
[WhiteTeam "Sri Lanka"]
[BlackTeam "Norway"]
[WhiteTeamCountry "SRI"]
[BlackTeamCountry "NOR"]
[TimeControl "40/5400+30:1800+30"]

1. e4 c6 2. d4 d5 3. e5 Bf5 4. Nd2 e6 5. Nb3 Nd7 6. Nf3 Ne7 7. Be2 Nc8 8. O-O Be7 9. a4 O-O 10. a5 a6 11. Be3 Bg4 12. Nfd2 Bxe2 13. Qxe2 Na7 14. f4 f6 15. f5 fxe5 16. fxe6 exd4 17. Bxd4 Nf6 18. Bb6 Qe8 19. Nc5 Nc8 20. Ndb3 Nxb6 21. axb6 Qd8 22. Na4 Bd6 23. Rad1 Qe7 24. c4 dxc4 25. Qxc4 Nd5 26. Qe4 Rae8 27. Nd4 Rf6 28. Rde1 g6 29. Kh1 Ref8 30. Rf3 Rxf3 31. Nxf3 Rf4 32. Qc2 Qf6 33. b3 Bb4 34. Re2 Qa1+ 35. Ng1 Rf1 36. h3 Rxg1+ 37. Kh2 Bd6+ 38. g3 Bxg3# 0-1

[Event "44th Chess Olympiad Women 2022"]
[Site "Chennai"]
[Date "2022.08.09"]
[Round "11.34"]
[White "Vanduyfhuys, Daria"]
[Black "Obondo, Cynthia Awino"]
[Result "1-0"]
[ECO "E16"]
[WhiteElo "2094"]
[BlackElo "1439"]
[Annotator "NA RC"]
[PlyCount "105"]
[EventDate "2022.07.29"]
[EventType "team-tourn"]
[EventCountry "IND"]
[SourceTitle "playchess.com"]
[Source "ChessBase"]
[SourceQuality "1"]
[WhiteTeam "Belgium"]
[BlackTeam "Kenya"]
[WhiteTeamCountry "BEL"]
[BlackTeamCountry "KEN"]
[TimeControl "40/5400+30:1800+30"]

1. d4 Nf6 2. c4 e6 3. Nf3 Bb4+ 4. Bd2 a5 5. g3 b6 6. Bg2 Bb7 7. O-O O-O 8. Nc3 d6 9. b3 Nbd7 10. a3 Bxc3 11. Bxc3 Be4 12. Qc1 Qb8 13. Rd1 b5 14. Nd2 Bxg2 15. Kxg2 Qb7+ 16. f3 b4 17. axb4 axb4 18. Bb2 Rxa1 19. Bxa1 c5 20. Nf1 Ra8 21. dxc5 dxc5 22. Qd2 Qc7 23. g4 h6 24. Ng3 Ra3 25. g5 hxg5 26. Qxg5 Kf8 27. Ne4 Ne8 28. Qe3 Qa7 29. Bb2 Ra2 30. Rd2 f6 31. Qd3 Ke7 32. Nd6 Qc7 33. Nb5 Qc6 34. Bxf6+ Nexf6 35. Rxa2 Ne5 36. Ra7+ Nfd7 37. Qe3 Nf7 38. Rc7 Qb6 39. Qe4 Nd6 40. Qh4+ Ke8 41. Qh8+ Nf8 42. Qxg7 Qxc7 43. Nxc7+ Kd8 44. Qxf8+ Kxc7 45. Qe7+ Kc6 46. Qxe6 Kc7 47. h4 Nc8 48. h5 Nb6 49. h6 Kb7 50. h7 Ka6 51. h8=Q Ka5 52. Qa1+ Na4 53. Qxa4# 1-0

[Event "44th Chess Olympiad Women 2022"]
[Site "Chennai"]
[Date "2022.08.09"]
[Round "11.34"]
[White "Barbier, Wiebke"]
[Black "Ndirangu, Joyce Nyaruai"]
[Result "1-0"]
[ECO "B31"]
[WhiteElo "1970"]
[BlackElo "1679"]
[Annotator "TA"]
[PlyCount "119"]
[EventDate "2022.07.29"]
[EventType "team-tourn"]
[EventCountry "IND"]
[SourceTitle "playchess.com"]
[Source "ChessBase"]
[SourceQuality "1"]
[WhiteTeam "Belgium"]
[BlackTeam "Kenya"]
[WhiteTeamCountry "BEL"]
[BlackTeamCountry "KEN"]
[TimeControl "40/5400+30:1800+30"]

1. e4 c5 2. Be2 d5 3. d3 g6 4. f4 {[%emt 0:01:02] [#]} dxe4 $146 ({Predecessor:} 4... Nc6 5. Nf3 dxe4 6. dxe4 Qxd1+ 7. Bxd1 Bg7 8. c3 e5 9. Na3 Be6 10. Nb5 Kd7 11. Ng5 a6 12. Na3 b5 {½-½ (34) Fedorov,A (2573)-Ponkratov,P (2613) Katowice 2017}) 5. dxe4 Qxd1+ 6. Bxd1 {[%emt 0:00:03] B31: Sicilian: 2...Nc6 3 Bb5 g6.} Nf6 7. Nc3 Bg7 8. Be3 {[%emt 0:02:16] White is better.} Na6 9. Nf3 (9. h3 $14) 9... O-O 10. Be2 Ng4 11. Bg1 Nb4 ({Better is} 11... Bxc3+ $11 12. bxc3 Nf6) 12. O-O-O $14 b6 13. h3 Nf6 14. e5 Nh5 {[%emt 0:02:14] [#] White must now prevent ...Ng3.} 15. Be3 (15. Bh2 $1 $14 Bh6 16. Ng5) 15... Ng3 $11 16. Rhe1 Bf5 17. Rd2 Rad8 18. Bd1 Bh6 19. a3 (19. Ng5 {feels hotter.} f6 20. exf6 exf6 21. a3) 19... Nc6 20. Ne2 Nxe2+ (20... Ne4 $15 21. Rxd8 Rxd8) 21. Rexe2 Nd4 22. Rf2 Nc6 23. c4 Be4 24. b3 Rd3 25. Rxd3 Bxd3 26. Bc2 Rd8 27. Rd2 Bf1 (27... Bxc2 $14 28. Rxd8+ (28. Kxc2 Rxd2+ 29. Bxd2 f6 $11) 28... Nxd8 29. Kxc2 Nc6) 28. Rf2 $2 (28. Be4 $18) 28... Bd3 29. Kb2 f6 30. exf6 exf6 31. Rd2 $36 {[%emt 0:00:53][%mdl 2048] White has the initiative.} Bf1 32. Be4 Re8 33. Bxc6 (33. Bd5+ $142 Kf8 34. Nh2 (34. Bxc6 Rxe3 35. Nh2 Be2 $11) 34... Rxe3 35. Nxf1) 33... Rxe3 34. Rd8+ Bf8 ({Black should try} 34... Kf7 $15 35. Rd7+ Re7 36. Bd5+ Ke8 37. Rxe7+ Kxe7) 35. Bd5+ Kg7 36. Nd2 ({But not} 36. Rd7+ Re7 37. Rxe7+ Bxe7 $11) (36. Nh2 $5 Bxg2 37. Rd7+ Kh8 38. Bxg2 Re2+ 39. Kc1 Rxg2 40. Ng4 $11) 36... Re2 $2 {[%emt 0:04:25] Black is now going downhill.} (36... Bd3 $1 $11) 37. Kc3 $2 (37. Kc2 $16) 37... Bxg2 $2 (37... Re3+ $1 $11 38. Kb2 Bd3) 38. Kd3 $18 Rxd2+ 39. Kxd2 Bxh3 {[%emt 0:00:26][%mdl 4096] Endgame KRB-KB} 40. Ra8 g5 $2 (40... a5 41. Ra7+ Kh6) 41. Rxa7+ Kg6 42. fxg5 fxg5 43. Be4+ Kf6 44. Rxh7 g4 45. Rh5 Bd6 46. Ke3 {[%emt 0:00:00] Against Bf4+} Bf8 47. Rf5+ Ke7 48. Rh5 {[%emt 0:00:00] Inhibits Bh6+.} Kf6 $1 49. Kf2 Bd6 50. Kg1 Be5 51. Rh6+ Kg5 52. Rxb6 {[%emt 0:00:00] Bg2 is the strong threat.} g3 53. Bg2 Bd4+ 54. Kh1 Bg4 55. a4 {[%emt 0:00:00] Strongly threatening a5.} Bc3 56. Rb5 Bb4 57. a5 (57. Bb7 $142 Kf4 {[#]} 58. Rxb4 $1 cxb4 59. a5) 57... Kf4 58. a6 {[%emt 0:00:39] White mates.} Bd1 59. a7 Bxb3 60. a8=Q {[%emt 0:00:08] Weighted Error Value: White=0.41/Black=0.63} 1-0

[Event "44th Chess Olympiad Women 2022"]
[Site "Chennai"]
[Date "2022.08.09"]
[Round "11.34"]
[White "Mongeli, Sasha"]
[Black "Goossens, Hanne"]
[Result "1/2-1/2"]
[ECO "B37"]
[WhiteElo "1672"]
[BlackElo "2159"]
[Annotator "RC"]
[PlyCount "82"]
[EventDate "2022.07.29"]
[EventType "team-tourn"]
[EventCountry "IND"]
[SourceTitle "playchess.com"]
[Source "ChessBase"]
[SourceQuality "1"]
[WhiteTeam "Kenya"]
[BlackTeam "Belgium"]
[WhiteTeamCountry "KEN"]
[BlackTeamCountry "BEL"]
[TimeControl "40/5400+30:1800+30"]

1. Nf3 c5 2. c4 Nc6 3. d4 cxd4 4. Nxd4 g6 5. e4 Bg7 6. Nc2 d6 7. Be2 Be6 8. O-O Rc8 9. Nd2 Nf6 10. Rb1 Qb6 11. b3 Nd4 12. Nxd4 Qxd4 13. Bb2 Qb6 14. Nf3 O-O 15. Qc2 Qc7 16. Nd4 Bd7 17. Qd3 a6 18. Nc2 Rfd8 19. Ne3 e6 20. Rfd1 Bc6 21. f3 b5 22. Kh1 Rd7 23. Qc2 Qb7 24. e5 dxe5 25. Bxe5 Rcd8 26. Rxd7 Rxd7 27. cxb5 Bxb5 28. Bxb5 axb5 29. Rc1 Ne8 30. Bxg7 Kxg7 31. Qc3+ f6 32. Qc8 Qxc8 33. Rxc8 Rd3 34. Nf1 Nd6 35. Rc7+ Kh6 36. Kg1 g5 37. Kf2 Kg6 38. Ke2 Rd4 39. Ne3 h5 40. Rc2 h4 41. Rd2 Rxd2+ 1/2-1/2

[Event "44th Chess Olympiad Women 2022"]
[Site "Chennai"]
[Date "2022.08.09"]
[Round "11.34"]
[White "Madelta Glenda"]
[Black "De Rycke, Tyani"]
[Result "0-1"]
[ECO "B08"]
[WhiteElo "1516"]
[BlackElo "1994"]
[Annotator "TA"]
[PlyCount "80"]
[EventDate "2022.07.29"]
[EventType "team-tourn"]
[EventCountry "IND"]
[SourceTitle "playchess.com"]
[Source "ChessBase"]
[SourceQuality "1"]
[WhiteTeam "Kenya"]
[BlackTeam "Belgium"]
[WhiteTeamCountry "KEN"]
[BlackTeamCountry "BEL"]
[TimeControl "40/5400+30:1800+30"]

1. d4 Nf6 2. Bf4 g6 3. Nc3 Bg7 4. e4 d6 5. Qd2 Nbd7 6. Nf3 O-O 7. O-O-O {[%emt 0:00:12] B08: Pirc Defence: Classical System.} c5 {[%emt 0:05:57][%cal Bc7c5,Bc5d4][%mdl 32] [#] Hoping for ...cxd4.} 8. Bh6 Qa5 9. h4 (9. Bxg7 $16 Kxg7 10. e5) 9... cxd4 $11 {[%emt 0:05:03] [#]} 10. Nd5 $146 (10. Nxd4 $11 {was the only way to keep the balance.} Nxe4 11. Nxe4 Qxd2+ 12. Bxd2 Bxd4 13. h5 (13. Bg5 Bg7 $11)) ({Predecessor:} 10. Nxd4 Nxe4 11. Nxe4 Qxd2+ 12. Bxd2 Bxd4 13. Bg5 Bg7 14. Bb5 h6 15. Bxe7 Re8 16. Bxd7 Bxd7 {½-½ (61) Tum,H (1852)-Ataer,A (1762) Antalya 2020}) 10... Qxd2+ 11. Bxd2 Nxd5 (11... Nxe4 $6 12. Nxe7+ Kh8 13. Be1 $11) 12. exd5 Nb6 13. Bg5 Nxd5 {[%emt 0:11:22] And now ...h6 would win.} 14. Nxd4 h6 15. Nb5 hxg5 16. Rxd5 gxh4 17. Nc7 Rb8 {[%emt 0:00:23] ...e6 is the strong threat.} (17... Be6 18. Ra5 $17) 18. Rxh4 a6 19. Rd3 Bf6 {[%emt 0:06:04] This bishop pair is nice.} 20. Rb4 Bf5 (20... e6 $142 {Strongly threatening ...b5.} 21. Nxa6 Ra8) 21. Rdb3 $17 Rbc8 22. g4 (22. Rxb7 $17 Be4 23. R7b4) 22... Bxc2 $19 (22... Rxc7 23. gxf5 gxf5 24. Rxb7 Rxb7 25. Rxb7 $15) 23. Kxc2 Rxc7+ 24. Kd2 Rfc8 25. Bd3 (25. Rxb7 $17 Bg5+ 26. Kd3) 25... b5 26. a4 bxa4 27. Rxa4 Rc1 28. Rxa6 (28. Ra5 $142) 28... Rg1 29. Ra4 Rcc1 30. Be2 Rb1 31. Kc2 Rgc1+ 32. Kd2 Rc5 ({But not} 32... Bxb2 33. Rab4 $16) (32... Rxb2+ 33. Rxb2 Bxb2 34. Ra2 $11) 33. Rab4 Bh4 34. Rf3 $2 (34. Rb7) 34... Rd5+ $2 (34... Bg5+ $19 35. Kd3 Re1) 35. Kc2 $11 Rg1 {[%emt 0:00:29] Threatens to win with ...Rc5+.} 36. Rbf4 $2 {[%emt 0:01:39][%mdl 8192] Loses the game.} (36. Rb8+ $11 {and White is okay.} Kg7 37. Bc4) 36... Bg5 $19 37. Rxf7 {[%emt 0:01:07] White wants to mate with Rf8+.} Rd2+ (37... Rxg4 $2 {is a self mate.} 38. Rf8+ Kh7 39. R3f7+ Kh6 40. Rh8#) 38. Kb3 {[%emt 0:00:12] Threatening mate with Rf8+.} Bf6 (38... Rxe2 $2 {gets mated.} 39. Rf8+ Kh7 40. R3f7+ Kh6 41. Rh8#) 39. Bb5 $2 {[%emt 0:01:31] [#]} (39. R7xf6 $19 exf6 40. Bc4+ Kg7 41. Kc3) 39... Kxf7 (39... Rxb2+ $142 40. Ka4 Kxf7 41. Bc4+ e6 42. g5 Rxg5 43. Bb3 Rg4+ 44. Ka3 Rb1 45. Rd3 Ra1+ 46. Ba2 Rf4 47. f3 d5 48. Re3 Rd1 49. Rb3 Rd2 50. Rb1 Be7+ 51. Kb3 Rxf3+ 52. Ka4 Rxa2+ 53. Kb5 g5 54. Kc6 Rc3+ 55. Kb7 g4 56. Kb8 g3 57. Rf1+ Ke8 58. Rb1 g2 59. Rb6 g1=Q 60. Kb7 Kd7 61. Rd6+ Kxd6 62. Kb8 Qb6#) 40. g5 Rxg5 {[%emt 0:00:08] Weighted Error Value: White=0.80/Black=0.46} (40... Rxb2+ $142 41. Ka4 Ra1+ 42. Ra3 Rxa3+ 43. Kxa3 Rxb5 44. f4 Bc3 45. f5 Rb8 46. Ka4 gxf5 47. g6+ Kxg6 48. Ka3 f4 49. Ka4 f3 50. Ka3 f2 51. Ka2 f1=Q 52. Ka3 Qa6#) 0-1